 Dungeon Crawl Stone Soup version 0.30.0-15-g856e2d3f33 (webtiles) character file.

Game seed: 11193782426370522569

60 qw the Chopper (level 4, -8/28 HPs)
             Began as a Gargoyle Fighter on May 21, 2023.
             Killed by divine providence
             ... invoked by an orc priest
              (15 damage)
             ... on level 3 of the Dungeon.
             The game lasted 00:00:43 (1751 turns).

qw the Chopper (Gargoyle Fighter)                   Turns: 1751, Time: 00:00:43

Health: -8/28      AC: 10    Str: 22    XL:     4   Next: 6%
Magic:  4/4        EV:  9    Int:  8    God:
Gold:   105        SH:  4    Dex:  9    Spells: 3/3 levels left

rFire   . . .        Y - +0 war axe
rCold   . . .        c - +0 buckler
rNeg    + . .        b - +0 scale mail
rPois   inf          (no helmet)
rElec   +            (no cloak)
rCorr   .            (no gloves)
SInv    .            (no boots)
Will    .....        (no amulet) Stlth
                     (no ring)
HPRegen 0.24/turn    (no ring)
MPRegen 0.09/turn

%: no passive effects
@: no status effects
A: sickness immunity, AC +3, negative energy resistance 1, electricity
resistance, torment resistance 1, petrification resistance
a: no special abilities


You were on level 3 of the Dungeon.
You visited 1 branch of the dungeon, and saw 3 of its levels.

You collected 105 gold pieces.


Innate Abilities, Weirdness & Mutations

You are immune to sickness and miasma.
Your stone body is resilient. (AC +3)
You are immune to poison.
You resist negative energy. (rN+)
You are resistant to electric shocks. (rElec)
You are resistant to unholy torment.
You are immune to petrification.


   Skills:
 - Level 3.2 Fighting
 + Level 3.8 Axes
 - Level 3.2 Armour
 - Level 3.2 Shields


You had 3 spell levels left.
You didn't know any spells.
Your spell library was empty.

Inventory:

Hand Weapons
 i - a +0 flail
 Y - a +0 war axe (weapon)
Armour
 b - a +0 scale mail (worn)
 c - a +0 buckler (worn)
Scrolls
 a - a scroll of immolation {unknown}
Potions
 d - a potion of might
 e - a potion of curing {unknown}
 g - a potion of lignification {unknown}
 h - a potion of haste {unknown}
 j - a potion of flight {unknown}

Dungeon Overview and Level Annotations

Branches:
Dungeon (3/15)

Altars:


Message History

The orc hits you from afar with a +0 trident.
The orc closely misses you.
The orc priest hits you but does no damage.
You hit the orc.
You kill the orc!
You completely miss the orc.
The orc priest hits you from afar with a +0 trident.
You block the orc's attack. The orc hits you with a +0 morningstar.
You have reached level 4!
You feel stronger.
You hit the orc.
The orc is lightly wounded.
The orc priest hits you from afar with a +0 trident.
The orc hits you but does no damage. You block the orc's attack.
The orc priest hits you but does no damage.
The orc hits you but does no damage. x2
You slash the orc!
You kill the orc!
The orc hits you but does no damage.
The orc priest hits you from afar with a +0 trident.
1748 ||| DRINKING potion of heal wounds.
You feel much better. The orc hits you but does no damage.
The orc priest barely misses you. The kobold hits you but does no damage.
You closely miss the kobold.
The orc hits you from afar with a +0 trident.
The orc priest hits you from afar with a +0 trident.
The kobold hits you but does no damage.
You hit the kobold.
The kobold is moderately wounded.
You block the orc's attack. The kobold hits you with a +0 whip.
The orc priest closely misses you.
The orc hits you from afar with a +0 trident.
The kobold barely misses you. The orc priest closely misses you.
You slash the kobold!
You kill the kobold!
The orc closely misses you.
The orc priest calls down the wrath of Beogh upon you.
Beogh smites you!
Ouch! That really hurt!
You die...

....'.......#
....#....#### .#
###.......# .#
#%#####.# .# ###.# #.#
.# .##'#####.#######.#
..........%>......#####
.....<...#......).....#
#..).....#......@.o...#
###.######.......)o...#
###.# #..............
.##.# #............#.
.+..# #............#
.#### #............# )#
#!...........# .#
#............# .#


You could see an orc priest and an orc.

Vanquished Creatures
  A gnoll (D:1)
  An adder (D:2)
  2 orcs (D:3)
  9 bats
  2 giant cockroaches
  8 goblins
  3 hobgoblins (D:1)
  7 kobolds
  A ball python (D:3)
  2 frilled lizards
  4 rats (D:1)
40 creatures vanquished.

Notes
Turn   | Place    | Note
-------+----------+-------------------------------------------
     0 | D:1      | qw the Gargoyle Fighter began the quest for the Orb.
     0 | D:1      | Reached XP level 1. HP: 14/14 MP: 1/1
     0 | D:1      | 0 ||| qw: Version: 0.2-a-98-g270134b
     0 | D:1      | 0 ||| qw: Game counter: 5
     0 | D:1      | 0 ||| qw: Always use a shield: true
     0 | D:1      | 0 ||| qw: God list: Okawaru
     0 | D:1      | 0 ||| qw: Allow faded altars: false
     0 | D:1      | 0 ||| qw: Do Orc after D:15 true
     0 | D:1      | 0 ||| qw: Do second Lair branch before Depths: true
     0 | D:1      | 0 ||| qw: Lair rune preference: random
     0 | D:1      | 0 ||| qw: Plans: Normal, Zot:1-4, God:TSO, Crypt, Tomb,
                  | Pan, Slime:5, Hells, Abyss, Win
     0 | D:1      | 0 ||| PLANNING D:1-11
    15 | D:1      | 15 ||| Stepping ~*~*~tactically~*~*~ (stealth).
   124 | D:1      | Reached XP level 2. HP: 11/19 MP: 2/2
   326 | D:1      | Found a faded altar of an unknown god.
   327 | D:1      | 327 ||| Stepping ~*~*~tactically~*~*~ (stealth).
   334 | D:1      | Reached skill level 3 in Axes
   343 | D:1      | Reached XP level 3. HP: 10/23 MP: 3/3
   417 | D:1      | 417 ||| DROPPING +0 club.
  1042 | D:1      | 1042 ||| READING scroll labelled JECVES ILOUTORCH.
  1043 | D:1      | 1043 ||| DRINKING 2 metallic blue potions.
  1638 | D:2      | 1638 ||| READING scroll labelled XYOMOI WUEPT.
  1642 | D:2      | 1642 ||| READING scroll labelled XUNKUL VAE.
  1746 | D:3      | Reached XP level 4. HP: 9/28 MP: 4/4
  1747 | D:3      | HP: 3/28 [orc priest/+0 trident (5)]
  1748 | D:3      | 1748 ||| DRINKING potion of heal wounds.
  1751 | D:3      | Killed from afar by an orc priest

Levels and vault maps discovered:
D:1:      dpeg_arrival_orchard, layout_basic, basic_ecumenical_altar,
          patterned_corridor
D:2:      layout_loops_ring
D:3:      layout_basic

Skill      XL: |  1  2 |
---------------+-------+-----
Axes           | 2 3 |  3.8
Fighting       | |  3.2
Armour         | |  3.2
Shields        | |  3.2

Action                     |  1- 3 |  4- 6 || total
---------------------------+-------+-------++-------
  Melee: War axe           |   120 |     5 ||   125
    Use: Scroll            |     3 |       ||     3
         Potion            |     1 |     1 ||     2
 Armour: Scale mail        |    74 |     8 ||    82
  Dodge: Dodged            |    46 |     5 ||    51
  Block: Buckler           |    19 |     2 ||    21

Table legend:
 A = Non-vault XP
 B = Vault XP
 C = Vault XP percentage of total XP
 D = Non-vault monster count
 E = Vault monster count
 F = Vault count percentage of total count
                 A         B        C        D         E       F
            +---------+---------+-------+---------+---------+-------
      Total |      89 |       0 |   0.0 |      40 |       0 |   0.0
            +---------+---------+-------+---------+---------+-------
        D:1 |      52 |       0 |   0.0 |      24 |       0 |   0.0
        D:2 |      22 |       0 |   0.0 |       8 |       0 |   0.0
        D:3 |      15 |       0 |   0.0 |       8 |       0 |   0.0
            +---------+---------+-------+---------+---------+-------
